AoeStats
← cmorehouse

Arabia

507410325Analyzed
3v3 RM · 14d ago on Sep 18, 2026· 35m 25s· 6 players
Game mode
Random Map
Map size
Normal (6 player)
Population
200
Speed
Normal
Resources
Standard
Victory
Conquest
Starting age
Dark Age
Ending age
Imperial Age
RankedLock teamsTeams togetherTeam positionsShared explorationLock speedFull tech treeHidden civsTurbo modeCheats
Victory
Defeat
🇺🇸 Georgians · United States
1252
+11
🇺🇸 Vikings · United States
1252
+11
🇺🇸 Ethiopians · United States
1204
+23
🇺🇸 Lithuanians · United States
1180
-13
🇺🇸 Persians · United States
1122
-11
🇺🇸 Armenians · United States
1113
-11
kyles.jav
6:25 Loom
9:27 Feudal Age
10:40 Man-at-Arms
16:10 Horse Collar
22:13 Castle Age
20:16 Scale Mail Armor
20:33 Double-Bit Axe
21:52 Forging
22:37 Long Swordsman
24:58 Chain Mail Armor
26:08 Squires
29:04 Gambesons
33:54 Pikeman
35:16 Bow Saw
35:09 Heavy Plow
36:33 Iron Casting
cmorehouse
5:23 Loom
9:44 Feudal Age
11:17 Double-Bit Axe
12:39 Fletching
19:42 Castle Age
17:52 Horse Collar
19:14 Gold Mining
20:35 Bow Saw
20:22 Bodkin Arrow
19:50 Crossbowman
22:35 Ballistics
24:32 Heavy Plow
25:56 Wheelbarrow
31:01 Hand Cart
33:41 Imperial Age
31:46 Padded Archer Armor
32:04 Stone Mining
32:26 Thumb Ring
33:23 Forging
34:20 Arbalester
35:04 Bracer
36:06 Chemistry
MizD
7:01 Loom
9:34 Feudal Age
11:00 Double-Bit Axe
11:53 Horse Collar
22:08 Castle Age
20:19 Gold Mining
21:03 Scale Barding Armor
21:31 Bloodlines
21:58 Forging
24:23 Chain Barding Armor
25:18 Iron Casting
25:44 Wheelbarrow
29:46 Pikeman
30:26 Town Watch
31:27 Bow Saw
gothsgothsgoths
6:37 Loom
9:06 Feudal Age
10:48 Double-Bit Axe
15:29 Horse Collar
19:57 Scale Barding Armor
22:25 Bloodlines
24:53 Castle Age
23:32 Forging
24:20 Bloodlines
24:26 Gold Mining
25:47 Chain Barding Armor
26:29 Husbandry
28:25 Iron Casting
32:01 Wheelbarrow
32:13 Bow Saw
PatchWork
5:43 Loom
10:28 Feudal Age
11:51 Double-Bit Axe
14:56 Pikeman
21:15 Castle Age
19:41 Horse Collar
32:00 Forging
31:50 Scale Mail Armor
32:15 Halberdier
34:49 Bow Saw
tomfreakncruz
8:38 Loom
10:45 Feudal Age
12:16 Double-Bit Axe
16:47 Horse Collar
26:18 Castle Age
24:54 Stone Mining
25:35 Bloodlines
25:28 Gold Mining
27:16 Bow Saw
27:11 Heavy Plow
28:38 Husbandry
31:23 Wheelbarrow
31:36 Scale Barding Armor
31:42 Forging
34:24 Hand Cart
Connection lost

Rejoining the realm…

Still unreachable

The connection could not be restored.

Session expired

The server has moved on; the page needs a fresh start.